 Dungeon Crawl Stone Soup version 0.19-a0-32-gbfd796a (webtiles) character file.

18 M4edhros the Grave Robber (level 2, -1/17 HPs)
             Began as an Octopode Necromancer on May 2, 2016.
             Slain by a crimson imp (3 damage)
             ... on level 5 of the Dungeon.
             The game lasted 00:02:21 (402 turns).

M4edhros the Grave Robber (Octopode Necromancer)     Turns: 402, Time: 00:02:22

Health: -1/17      AC:  1    Str:  7    XL:     2   Next: 66%
Magic:  5/5        EV: 12    Int: 17    God:
Gold:   38         SH:  0    Dex:  7    Spells: 2 memorised, 3 levels left

rFire  . . .     SeeInvis .       - Unarmed
rCold  . . .     Gourm    .     (no shield)
rNeg   . . .     Faith    .     (helmet restricted)
rPois  .         Spirit   .     d - amulet of inaccuracy (curse)
rElec  .         Dismiss  .     h - -5 ring of dexterity (curse)
rCorr  .         Reflect  .     (no ring)
SustAt .         Harm     .     (no ring)
MR     .....                    (no ring)
Stlth  +++.......               (no ring)
                                (no ring)
                                (no ring)
                                (no ring)

@: not resistant to hostile enchantments, fairly stealthy
A: almost no armour, amphibious, 8 rings, constrict 8, camouflage 1, gelatinous
body 1
a: no special abilities


You were on level 5 of the Dungeon.
You were not hungry.

You visited 1 branch of the dungeon, and saw 5 of its levels.

You collected 38 gold pieces.

Inventory:

Jewellery
 d - a cursed amulet of inaccuracy (around mantle)
 h - a cursed -5 ring of dexterity (left tentacle)
Wands
 c - a wand of flame (24/48)
Books
 a - a book of Necromancy

   Spells                             Type                      Level
   a - Pain                           Necromancy                   1
   b - Animate Skeleton               Necromancy                   1
   c - Vampiric Draining              Necromancy                   3
   d - Regeneration                   Charms/Necromancy            3
   e - Animate Dead                   Necromancy                   4
   f - Control Undead                 Necromancy                   4
Comestibles
 b - a bread ration
 f - a chunk of flesh


   Skills:
 - Level 2.0 Dodging
 - Level 2.6 Stealth
 + Level 2.2 Unarmed Combat
 - Level 2.0 Spellcasting
 - Level 4.0 Necromancy


You had 3 spell levels left.
You knew the following spells:

 Your Spells              Type           Power        Failure   Level  Hunger
a - Pain                  Necr           ###.         3%          1    #......
b - Animate Skeleton      Necr           N/A          3%          1    #......


Dungeon Overview and Level Annotations

Branches:
Dungeon (5/15)
 Temple: D:4-7

Altars:
Trog

Annotations:
D:5 Dowan, Duvessa


Innate Abilities, Weirdness & Mutations

You cannot wear most types of armour.
You are amphibious.
You can wear up to eight rings at the same time.
You can use your tentacles to constrict eight enemies at once.
Your skin changes colour to match your surroundings (Stealth).
Your rubbery body absorbs attacks (AC +1).


Message History

The crimson imp closely misses you.
You closely miss the crimson imp. Your grab misses the crimson imp.
The crimson imp hits you.
* * * LOW HITPOINT WARNING * * *
You closely miss the crimson imp. Your grab misses the crimson imp.
The crimson imp hits you.
* * * LOW HITPOINT WARNING * * *
You miss the crimson imp. Your grab misses the crimson imp.
Your squeeze misses the crimson imp. The crimson imp barely misses you.
You closely miss the crimson imp. Your grab misses the crimson imp.
The crimson imp misses you.
You tentacle-slap the crimson imp. Your grab misses the crimson imp.
The crimson imp is lightly wounded.
The crimson imp blinks!
You swing at nothing.
You swing at nothing.
You barely miss the crimson imp. Your grab misses the crimson imp.
The crimson imp picks up a beetle and eats it.
The crimson imp hits you.
You die...

#...##...##...## #
##..###........#####
#.## ##........#...
#.# #.......#...#
#.# #......####..
#.## #..##..###...
#..###..####..##...
#.5##...# ##....##
#.@....## ##....#
###....# #....#
###.## ###.### ##..
#...... ....
#....### ........###
.##....e ###.....
#....


You could see a crimson imp.

Vanquished Creatures
  An adder (D:2)
  An ooze (D:3)
  A bat (D:2)
  A hobgoblin (D:2)
  A giant newt (D:2)
  A kobold (D:2)
  A rat (D:2)
7 creatures vanquished.

Vanquished Creatures (others)
  A wizard (D:5)
1 creature vanquished.

Grand Total: 8 creatures vanquished

Notes
Turn   | Place    | Note
--------------------------------------------------------------
     0 | D:1      | M4edhros the Octopode Necromancer began the quest for the Orb.
     0 | D:1      | Reached XP level 1. HP: 11/11 MP: 3/3
    89 | D:2      | Learned a level 1 spell: Animate Skeleton
   194 | D:2      | Reached skill level 1 in Unarmed Combat
   214 | D:2      | Reached XP level 2. HP: 12/17 MP: 0/5
   284 | D:3      | You fall through a shaft!
   299 | D:5      | Entered Level 5 of the Dungeon
   308 | D:5      | Noticed Duvessa
   311 | D:5      | Found a bloodstained altar of Trog.
   311 | D:5      | Noticed Dowan
   312 | D:5      | Noticed a wizard
   320 | D:5      | Killed a wizard
   322 | D:5      | Noticed a crimson imp
   402 | D:5      | Slain by a crimson imp

Vault maps used:
D:1:      dpeg_arrival_water_fire
D:2:      kennysheep_vampire_church, lemuel_doored_altar, lemuel_round_altar
D:3:      first_bread, uniq_jessica, uniq_terence, uniq_robin
D:4:      minmay_temple_entry_glassed_door
D:5:      vehumet_crystals, trog_wizard, uniq_duvessa

Skill      XL: |  1 |
---------------+----+-----
Unarmed Combat | 2 |  2.2
Dodging        | |  2.0
Stealth        | |  2.6
Spellcasting   | |  2.0
Necromancy     | |  4.0

Action                   || total
-------------------------++-------
Melee: Unarmed           ||    54
       Constrict         ||     6
       Tentacles         ||     3
 Cast: Pain              ||     6
       Animate Skeleton  ||     3
  Use: Scroll            ||     3
       Potion            ||     3
 Stab: Sleeping          ||     1
Armor: Skin              ||     3
Dodge: Dodged            ||    29
